 Dungeon Crawl Stone Soup version 0.30-a0-743-gbfdf073431 (console) character file.

Game seed: 12246312466222065168

25 rlgrobin the Caller (level 2, -2/19 HPs)
             Began as a Demonspawn Summoner on Feb 6, 2023.
             Slain by a jackal (3 damage)
             ... on level 1 of the Dungeon.
             The game lasted 00:01:52 (490 turns).

rlgrobin the Caller (Demonspawn Summoner)            Turns: 490, Time: 00:01:53

Health: -2/19      AC:  2    Str: 14    XL:     2   Next: 82%
Magic:  2/5        EV: 12    Int: 16    God:
Gold:   16         SH:  4    Dex: 13    Spells: 3/6 levels left

rFire   . . .      SeeInvis .    (no weapon)
rCold   . . .      Faith    .    (no shield)
rNeg    . . .      Spirit   .    a - +0 robe
rPois   .          Reflect  .    (no helmet)
rElec   .          Harm     .    (no cloak)
rCorr   .          Rampage  .    (no gloves)
Will    .....                    (no boots)
Stlth   ++                       (no amulet)
HPRegen 0.23/turn                d - +6 ring of strength
MPRegen 0.09/turn                (no ring)

@: no status effects
A: condensation shield
a: no special abilities


You were on level 1 of the Dungeon.
You visited 1 branch of the dungeon, and saw 2 of its levels.

You collected 16 gold pieces.

Inventory:

Armour
 a - a +0 robe (worn)
Jewellery
 d - a +6 ring of strength (left hand)
Scrolls
 c - a scroll of fear {unknown}
Potions
 b - a potion of magic
 e - a potion of lignification {unknown}
 f - a potion of cancellation {unknown}
 g - a potion of flight {unknown}


   Skills:
 - Level 1.7 Dodging
 - Level 1.7 Stealth
 + Level 2.6 Spellcasting
 + Level 4.4 Summonings


You had 3 spell levels left.
You knew the following spells:

 Your Spells              Type           Power      Damage    Failure   Level
a - Summon Small Mammal   Summ           64%        N/A       3%          1
b - Call Imp              Summ           16%        N/A       4%          2

Your spell library contained the following spells:

 Spells                   Type           Power      Damage    Failure   Level
 Call Canine Familiar     Summ           16%        N/A       10%         3
 Summon Guardian Golem    Hex/Summ       9%         N/A       24%         3
 Summon Lightning Spire   Summ/Air       9%         N/A       61%         4


Dungeon Overview and Level Annotations

Branches:
Dungeon (2/15)

Altars:

Shops:
D:2 [


Innate Abilities, Weirdness & Mutations

A meltable shield of frost defends you. (SH +4)


Message History

The jackal bites you.
Your quokka bites the jackal.
The endoplasm closely misses you. The jackal closely misses you.
Your quokka misses the jackal.
The jackal bites you. x2; Your quokka closely misses the jackal.
The jackal attacks as you move away! The jackal bites you.
* * * LOW HITPOINT WARNING * * *
Your quokka bites the jackal but does no damage.
The jackal attacks as you move away! The jackal misses you.
The endoplasm hits your quokka but does no damage.
Your quokka bites the endoplasm.
The jackal misses you. You block the jackal's attack.
The jackal attacks as you move away!
The jackal bites you but does no damage.
Your quokka bites the endoplasm but does no damage.
Your iron imp hits the endoplasm!
The endoplasm dies!
Casting: Call Imp (safe; 4% risk of failure)
Confirm with . or Enter, or press ? or * to list all spells.
The jackal completely misses you.
The jackal bites you but does no damage.
The jackal bites you.
* * * LOW HITPOINT WARNING * * *
The jackal bites you but does no damage.
Your quokka bites the jackal but does no damage.
The jackal barely misses you. The jackal closely misses you.
Your quokka closely misses the jackal.
You swap places.
A kobold comes into view. It is wielding a +0 dagger.
Your rat closely misses the jackal.
The jackal attacks as you move away!
The jackal bites you but does no damage.
The jackal bites you.
* * * LOW HITPOINT WARNING * * *
You block the jackal's attack.
Your rat barely misses the jackal.
The jackal attacks as you move away! The jackal misses you.
The jackal attacks as you move away!
The jackal bites you but does no damage.
Your quokka barely misses the jackal.
The jackal attacks as you move away! The jackal bites you.
You die...

# ######## ...#
#.########......#8...8
##.........#.....##...#
#.....................#
#.#...@h.5........[..##
........h.r.............
##.#.....r....>.......#
#..................#
#........###.##...###
.......######..###....
#......##...<#....##.##
#K....##...........###
..#.###.....###.....#


You could see 2 jackals, a kobold (asleep), a friendly iron imp (summoned), a
friendly quokka (summoned) and a friendly rat (summoned).

Vanquished Creatures
  An adder (D:2)
  2 jackals (D:2)
3 creatures vanquished.

Vanquished Creatures (collateral kills)
  A dart slug (D:2)
  2 endoplasms
  A giant cockroach (D:2)
  A goblin (D:2)
  A hobgoblin (D:2)
  2 jackals (D:2)
  A rat (D:2)
9 creatures vanquished.

Vanquished Creatures (others)
  A plant (D:2)
1 creature vanquished.

Grand Total: 13 creatures vanquished

Notes
Turn   | Place    | Note
-------+----------+-------------------------------------------
     0 | D:1      | rlgrobin the Demonspawn Summoner began the quest for the
                  | Orb.
     0 | D:1      | Reached XP level 1. HP: 13/13 MP: 3/3
   214 | D:2      | Gained mutation: A meltable shield of frost defends you.
                  | (SH +4) [demonic ancestry]
   214 | D:2      | Reached XP level 2. HP: 18/19 MP: 1/5
   259 | D:2      | Learned a level 2 spell: Call Imp
   391 | D:2      | Found Niloi's Antique Armour Emporium.
   490 | D:1      | Slain by a jackal

Illustrated notes

Levels and vault maps discovered:
D:1:      minmay_arrival_loop, layout_rooms, serial_corexii_hall,
          corexii_hall_statues_t, corexii_hall_statues_s,
          chequers_hall_statues_corner_a, hangedman_decor_diamond_cutter,
          serial_park_tiny_1, minmay_misc_feat_x, nrook_campfire
D:2:      layout_rooms, serial_shops, shop,
          shapermc_ecumenical_altar_mp_highgroup, serial_bayou_pond_c,
          uniq_terence

Action                     || total
---------------------------++-------
  Melee: Unarmed           ||    26
   Cast: Summon Small Mamm ||    18
         Call Imp          ||     5
 Armour: Robe              ||    16
  Dodge: Dodged            ||    55
  Block: Other             ||     6

Table legend: (Time is in decaauts)
 A = Elapsed time spent in this place.
 B = Non-inter-level travel time spent in this place.
 C = Inter-level travel time spent in this place.
 D = Time resting spent in this place.
 E = Time spent auto-exploring this place.
 F = Levels seen in this place.
 G = Mean time per level.
                   A        B        C        D        E       F      G
               +--------+--------+--------+--------+--------+-----+--------+
         Total |    490 |    490 |      0 |    182 |     99 |   2 |  245.0 |
       Dungeon |    490 |    490 |      0 |    182 |     99 |   2 |  245.0 |
               +--------+--------+--------+--------+--------+-----+--------+

Top non-repeatable levels by time:
     D:2: 412 daAuts
     D:1: 78 daAuts
